 Dungeon Crawl Stone Soup version 0.16-a0-3712-g87ae24a (webtiles) character file.

70499 BluebellGnoll the Warrior (level 14, 0/141 HPs)
             Began as a Minotaur Gladiator on Jan 19, 2015.
             Was the Champion of Makhleb.
             Slain by Donald
             ... wielding a +2 broad axe of electrocution
              (16 damage)
             ... on level 3 of the Orcish Mines on Jan 20, 2015.
             The game lasted 01:34:21 (19942 turns).

BluebellGnoll the Warrior (Minotaur Gladiator)     Turns: 19942, Time: 01:34:21

Health: 0/141      AC: 22    Str: 24    XL:     14   Next: 94%
Magic:  24/24      EV:  9    Int:  5    God:    Makhleb [******]
Gold:   2457       SH:  0    Dex: 16    Spells: 0 memorised, 13 levels left

rFire  . . .     SeeInvis +     I - +5 war axe of Eternal War {drain, MR+}
rCold  . . .     Clarity  +     T - +3 plate armour {rPois}
rNeg   . . .     SustAb   .     (no shield)
rPois  +         Gourm    .     c - +0 hat
rElec  .         Spirit   .     W - +0 cloak {MR+}
rCorr  .         Warding  .     F - +0 pair of gloves
rMut   .         Stasis   .     m - +1 pair of boots
MR     +++..                    U - amulet of clarity
Stlth  ..........               N - ring of see invisible
                                Z - +4 ring of dexterity

@: extremely resistant to hostile enchantments, extremely unstealthy
A: retaliatory headbutt, horns 2
a: Minor Destruction, Lesser Servant of Makhleb, Major Destruction, Greater
Servant of Makhleb, Renounce Religion


You were on level 3 of the Orcish Mines.
You worshipped Makhleb.
Makhleb was exalted by your worship.
You were hungry.

You visited 4 branches of the dungeon, and saw 23 of its levels.
You also visited: Ice Cave.

You collected 2457 gold pieces.

Inventory:

Hand weapons
 w - a +0 hunting sling of flaming
 I - the +5 war axe of Eternal War (weapon) {drain, MR+}
   (You found it on level 6 of the Lair of Beasts)

   A truly terrible weapon, it drains the life of those it strikes.
   It affects your resistance to hostile enchantments.
 J - a +2 war axe of venom
 M - a +0 blowgun
Missiles
 d - 3 throwing nets
 j - 77 stones
 l - 3 tomahawks of returning
 p - 43 sling bullets
 v - 8 curare-tipped needles
 O - 19 tomahawks (quivered)
Armour
 c - a +0 hat (worn)
 m - a +1 pair of boots (worn)
 F - a +0 pair of gloves (worn)
 T - a +3 plate armour of poison resistance (worn)
 W - a +0 cloak of magic resistance (worn)
Jewellery
 k - an uncursed ring of ice
 u - an uncursed ring of sustain abilities
 A - an uncursed ring of protection from magic
 N - a ring of see invisible (right hand)
 U - an amulet of clarity (around neck)
 Z - a +4 ring of dexterity (left hand)
Magical devices
 r - a wand of digging (17)
 y - a wand of fire (8)
 B - a wand of heal wounds (8)
 K - a wand of cold (9)
 P - a wand of disintegration (8)
 V - a wand of enslavement (8)
Scrolls
 a - a scroll of magic mapping
 e - 5 scrolls of blinking
 t - 2 scrolls of immolation
 G - 2 scrolls of fear
 H - 2 scrolls of recharging
 L - 3 scrolls of remove curse
 Q - 5 scrolls of teleportation
Potions
 b - 7 potions of curing
 g - 2 potions of cancellation
 i - 7 potions of heal wounds
 o - 2 potions of resistance
 s - 4 potions of ambrosia
 x - 2 potions of might
 z - a potion of agility
 C - 2 potions of flight
 D - a potion of haste {unknown}
Books
 S - a book of Conjurations

   Spells                             Type                      Level
   a - Magic Dart                     Conjuration                  1
   b - Searing Ray                    Conjuration                  2
   c - Dazzling Spray                 Conjuration/Hexes            3
   d - Fulminant Prism                Conjuration/Hexes            4
   e - Iskenderun's Mystic Blast      Conjuration                  4
   f - Iskenderun's Battlesphere      Conjuration/Charms           5
Miscellaneous
 n - a plain deck of summoning
 E - a plain deck of summoning
Comestibles
 f - 16 bread rations
 h - 7 chunks of flesh
 q - 12 meat rations


   Skills:
 - Level 17.9 Fighting
 - Level 15.6 Axes
 + Level 4.5 Throwing
 - Level 9.5 Armour
 - Level 3.2 Dodging
 - Level 10.1 Invocations
 - Level 10.7 Evocations


You had 13 spell levels left.
You didn't know any spells.

Dungeon Overview and Level Annotations

Branches:
Dungeon (10/15)            Temple (1/1) D:6            Lair (8/8) D:10
 Shoals (0/5) Lair:4       Spider (0/5) Lair:3        Slime (0/6) Lair:6
    Orc (4/4) D:10
    Elf: Orc:3-4

Altars:
Ashenzari
Cheibriados
Dithmenos
Fedhas
Gozag
Makhleb
Okawaru
Qazlal
Sif Muna
Xom
The Shining One
Beogh

Shops:
Orc:1 [   Orc:3 %

Annotations:
Orc:3 Donald


Innate Abilities, Weirdness & Mutations

You reflexively headbutt those who attack you in melee.
You have a pair of horns on your head.


Message History

You kill the orc!
Makhleb accepts your kill.
You feel a little better.
The orc priest hits you but does no damage.
You barely miss the orc priest. Your headbutt misses the orc priest.
The orc priest is lightly wounded.
You hit the orc but do no damage. You closely miss the orc priest.
You headbutt the orc priest!
The orc priest is heavily wounded.
You slash the orc!
You kill the orc!
Makhleb accepts your kill.
You feel a little better.
The orc priest hits you but does no damage.
The orc warrior hits you with a halberd!
* * * LOW HITPOINT WARNING * * *
Donald hits you with a broad axe of electrocution.
* * * LOW HITPOINT WARNING * * *
You are electrocuted!
You die...

........#......
#...............$
.......#.#........
..........$........
#..................
#$....>............
#....$.)...........
........).).oo.......
......∩.....@@.......
.#...................
#...........$......
#..#..............
##.....#.........
##.............
............
......... ...


You could see Donald, an orc warrior and an orc priest.

Vanquished Creatures
  Rupert (Lair:5)
  Fannar (Orc:2)
  4 hydras
  Erica (Lair:4)
  2 orc high priests (Orc:4)
  8 death yaks
  A catoblepas (Lair:6)
  Erolcha (D:9)
  An ice statue (IceCv)
  A wolf spider (Lair:3)
  3 orc knights (Orc:4)
  A lindwurm (Lair:5)
  An orc sorcerer (Orc:4)
  A siren (Lair:4)
  Maurice (D:9)
  22 elephants
  3 black mambas
  Joseph (D:7)
  A torpor snail (Lair:7)
  Psyche (D:8)
  9 komodo dragons
  3 wandering mushrooms (Lair:3)
  5 spiny frogs
  3 fire drakes
  2 spriggan druids (Lair:8)
  A merfolk (Lair:4)
  A queen bee (Lair:2)
  Sonja (Orc:4)
  2 trolls
  Prince Ribbit (D:7)
  8 polar bears
  18 blink frogs
  A boulder beetle (Lair:5)
  5 redbacks (Lair:8)
  2 basilisks
  2 wyverns
  38 yaks
  Eustachio (Orc:2)
  Grum (Orc:2)
  6 spriggans (Lair:8)
  7 hippogriffs
  4 hungry ghosts
  A human (D:9)
  37 wolves
  5 wargs
  20 water moccasins
  4 sky beasts
  17 orc warriors
  22 ice beasts
  A phantom (D:7)
  5 black bears
  An eye of draining (D:8)
  8 ogres
  10 porcupines
  4 wasps (Lair:8)
  3 boring beetles
  17 crocodiles
  4 centaurs
  2 big kobolds
  A wyvern zombie (D:8)
  11 giant frogs
  A gnoll sergeant (D:6)
  5 scorpions
  5 electric eels
  33 killer bees
  2 vampire bats (Lair:1)
  5 wights (D:9)
  5 crimson imps
  8 hounds
  3 centaur zombies
  3 jellies
  A giant frog skeleton (D:5)
  36 orc priests
  A giant frog zombie (D:6)
  3 centaur skeletons
  25 orc wizards
  4 iguanas
  5 worker ants
  42 sheep
  3 worker ant zombies
  25 adders
  11 gnolls (D:6)
  52 river rats
  4 shadow imps
  A giant mite (D:3)
  3 worms
  2 adder zombies
  2 oozes
  161 orcs
  2 bat skeletons
  4 giant cockroaches
  9 goblins
  8 hobgoblins
  2 jackals (D:5)
  24 kobolds
  12 quokkas
  23 bats
  A giant cockroach zombie (D:5)
  9 giant geckos
  2 giant newts
  2 giant spores (D:7)
  A jackal skeleton (D:6)
  4 kobold zombies (D:8)
  9 rats
  12 ballistomycetes
  6 fungi
  5 plants (Lair:7)
936 creatures vanquished.

Vanquished Creatures (collateral kills)
  An ice statue (IceCv)
  A human (D:9)
  A steam dragon (Lair:6)
  5 ice beasts (IceCv)
8 creatures vanquished.

Vanquished Creatures (others)
  2 orcs (Orc:2)
  2 giant spores (D:8)
  A ballistomycete (D:7)
  2 fungi
7 creatures vanquished.

Grand Total: 951 creatures vanquished

Notes
Turn   | Place    | Note
--------------------------------------------------------------
     0 | D:1      | BluebellGnoll, the Minotaur Gladiator, began the quest for the Orb.
     0 | D:1      | Reached XP level 1. HP: 18/18 MP: 1/1
   316 | D:1      | Reached skill level 4 in Axes
   628 | D:2      | Reached XP level 2. HP: 19/25 MP: 1/1
   692 | D:2      | Found a deep blue altar of Sif Muna.
   726 | D:2      | Reached skill level 5 in Axes
   784 | D:2      | Reached XP level 3. HP: 28/30 MP: 2/2
  1113 | D:2      | Found a stormy altar of Qazlal.
  1340 | D:3      | Found an iron altar of Okawaru.
  1487 | D:3      | Found a shadowy altar of Dithmenos.
  1524 | D:3      | Reached skill level 1 in Armour
  1809 | D:4      | Reached XP level 4. HP: 22/37 MP: 2/2
  1832 | D:4      | Found a shattered altar of Ashenzari.
  1983 | D:4      | Reached XP level 5. HP: 26/42 MP: 2/2
  2072 | D:4      | Noticed a scorpion
  2079 | D:4      | Killed a scorpion
  2849 | D:5      | Entered Level 5 of the Dungeon
  2886 | D:5      | Noticed a sky beast
  2898 | D:5      | Killed a sky beast
  2898 | D:5      | Reached skill level 5 in Armour
  2898 | D:5      | Reached XP level 6. HP: 50/50 MP: 3/3
  2912 | D:5      | Noticed an ogre
  2919 | D:5      | Killed an ogre
  2919 | D:5      | Reached skill level 6 in Armour
  2955 | D:5      | Reached skill level 7 in Armour
  3004 | D:5      | Reached XP level 7. HP: 53/56 MP: 3/3
  3066 | D:5      | Found a snail-covered altar of Cheibriados.
  3765 | D:6      | Reached skill level 8 in Axes
  3813 | D:6      | Reached skill level 9 in Axes
  3813 | D:6      | Reached XP level 8. HP: 25/62 MP: 3/3
  4297 | D:6      | Reached skill level 10 in Axes
  4435 | D:6      | Found a staircase to the Ecumenical Temple.
  4467 | Temple   | Entered the Ecumenical Temple
  4478 | Temple   | Became a worshipper of Makhleb the Destroyer
  4671 | D:6      | Found a shattered altar of Ashenzari.
  4921 | D:6      | Reached skill level 5 in Fighting
  5107 | D:7      | Noticed Joseph
  5114 | D:7      | Acquired Makhleb's first power
  5121 | D:7      | Noticed Prince Ribbit
  5131 | D:7      | Killed Joseph
  5131 | D:7      | Reached XP level 9. HP: 70/81 MP: 4/4
  5200 | D:7      | Killed Prince Ribbit
  5734 | D:7      | Reached skill level 10 in Fighting
  5804 | D:7      | Acquired Makhleb's second power
  6032 | D:7      | Identified a scroll of acquirement
  6292 | D:8      | Reached skill level 11 in Axes
  6324 | D:8      | Noticed Psyche
  6339 | D:8      | Killed Psyche
  6339 | D:8      | Reached XP level 10. HP: 65/94 MP: 4/4
  6368 | D:8      | Acquired Makhleb's third power
  6765 | D:9      | Acquired Makhleb's fourth power
  6778 | D:9      | Reached skill level 12 in Axes
  6880 | D:9      | Noticed Maurice
  6892 | D:9      | Killed Maurice
  7297 | D:9      | Found an iron altar of Okawaru.
  7374 | D:9      | Noticed Erolcha
  7384 | D:9      | Killed Erolcha
  7571 | D:10     | Entered Level 10 of the Dungeon
  7580 | D:10     | Found a staircase to the Lair.
  7600 | D:10     | Reached skill level 5 in Invocations
  7608 | D:10     | Reached XP level 11. HP: 97/101 MP: 12/14
  7712 | D:10     | Acquired Makhleb's fifth power
  8083 | D:10     | Found a staircase to the Orcish Mines.
  8373 | Lair:1   | Entered Level 1 of the Lair of Beasts
  9053 | Lair:1   | Reached skill level 10 in Invocations
  9346 | Lair:1   | Reached skill level 1 in Evocations
  9491 | Lair:2   | Noticed an eight-headed hydra
  9502 | Lair:2   | Killed an eight-headed hydra
  9864 | Lair:2   | Reached skill level 5 in Evocations
 10168 | Lair:2   | Reached XP level 12. HP: 108/108 MP: 22/22
 11092 | Lair:3   | Noticed a six-headed hydra
 11098 | Lair:3   | Killed a six-headed hydra
 11330 | Lair:3   | Found a hole to the Spider Nest.
 11883 | Lair:4   | Gained mutation: You occasionally shout uncontrollably at your foes. [potion of mutation]
 11883 | Lair:4   | Gained mutation: Your spells are a little harder to cast, but a little more powerful. [potion of mutation]
 11883 | Lair:4   | Gained mutation: You have difficulty communicating with the divine. [potion of mutation]
 11884 | Lair:4   | Lost mutation: You occasionally shout uncontrollably at your foes. [potion of cure mutation]
 11884 | Lair:4   | Lost mutation: Your spells are a little harder to cast, but a little more powerful. [potion of cure mutation]
 11884 | Lair:4   | Lost mutation: You have difficulty communicating with the divine. [potion of cure mutation]
 12010 | Lair:4   | Reached skill level 10 in Evocations
 12354 | Lair:4   | Noticed Erica
 12359 | Lair:4   | Killed Erica
 12532 | Lair:4   | Found a staircase to the Shoals.
 13101 | Lair:5   | Reached XP level 13. HP: 108/119 MP: 23/23
 13733 | Lair:5   | Noticed Rupert
 13751 | Lair:5   | Killed Rupert
 13751 | Lair:5   | Reached skill level 13 in Fighting
 14284 | Lair:6   | Found a staircase to the Slime Pits.
 14353 | Lair:6   | Reached skill level 14 in Fighting
 14452 | Lair:6   | Found a frozen archway.
 14477 | IceCv    | Entered an ice cave
 14721 | Lair:6   | Reached skill level 15 in Fighting
 14828 | Lair:6   | Got a shimmering war axe
 14829 | Lair:6   | Identified the +5 war axe of Eternal War {drain, MR+} (You found it on level 6 of the Lair of Beasts)
 15865 | Lair:7   | Reached skill level 16 in Fighting
 16304 | Lair:7   | Got a bloodstained mace
 16321 | Lair:7   | Reached XP level 14. HP: 138/138 MP: 24/24
 16333 | Lair:7   | Reached skill level 17 in Fighting
 16949 | Lair:8   | Entered Level 8 of the Lair of Beasts
 18180 | Lair:2   | Upgraded the game from 0.16-a0-3706-g5dff784 to 0.16-a0-3712-g87ae24a
 18221 | Orc:1    | Entered Level 1 of the Orcish Mines
 18221 | Orc:1    | Found Qaempa Tukef's Antique Armour Boutique.
 18281 | Orc:1    | Reached skill level 15 in Axes
 18826 | Orc:2    | Found a roughly hewn altar of Beogh.
 18857 | Orc:2    | Noticed Fannar
 18878 | Orc:2    | Noticed Grum
 18883 | Orc:2    | Killed Fannar
 18891 | Orc:2    | Killed Grum
 19040 | Orc:2    | Noticed Eustachio
 19048 | Orc:2    | Killed Eustachio
 19301 | Orc:4    | Entered Level 4 of the Orcish Mines
 19434 | Orc:4    | Noticed Sonja
 19446 | Orc:4    | Killed Sonja
 19932 | Orc:3    | Found Tiddig's Food Emporium.
 19937 | Orc:3    | Noticed Donald
 19942 | Orc:3    | Slain by Donald

Action                   |  1- 3 |  4- 6 |  7- 9 | 10-12 | 13-15 || total
-------------------------+-------+-------+-------+-------+-------++-------
Melee: War axe           |    78 |    66 |   120 |       |   864 ||  1128
       Hand axe          |       |       |   346 |   862 |    98 ||  1306
       Battleaxe         |       |       |       |       |    37 ||    37
 Fire: Hunting sling     |       |       |       |    58 |     5 ||    63
       Blowgun           |       |       |       |       |     4 ||     4
Throw: Throwing net      |     1 |     2 |     4 |       |       ||     7
       Tomahawk          |       |       |     3 |     1 |     5 ||     9
Invok: Minor Destruction |       |       |       |     1 |       ||     1
       Lesser Servant of |       |       |       |     1 |       ||     1
       Major Destruction |       |       |       |     2 |     6 ||     8
       Greater Servant o |       |       |       |       |     3 ||     3
Evoke: Wand              |       |       |     4 |    18 |     9 ||    31
  Use: Scroll            |     9 |     3 |    10 |    15 |    11 ||    48
       Potion            |       |       |       |     5 |     2 ||     7
 Stab: Held in net/web   |       |     1 |       |       |       ||     1
       Distracted        |       |       |       |       |     1 ||     1
       Fleeing           |       |       |       |       |     1 ||     1
  Eat: Chunk             |     3 |     4 |    11 |    22 |    24 ||    64
